Map: King Sejong Station LE

Players

Petri - Winner!

  • Race: Protoss Protoss
  • League: Silver

Gracz

  • Race: Protoss Protoss
  • League: Silver

VOD

Have the link to the VOD?

Description

Time

  • Played on: Oct. 9, 2016, 4:54 a.m.
  • Length: 15:39
Show
View Real Time Build Order
Export as new Build Order

Petri Protoss - Winner!

Build Orders: Oracle Opening 

Get SALT Encoding   

  12  0:10  Pylon  
  12  0:13  Probe (Chrono Boost)  
  13  0:33  Gateway  
  13  0:36  Probe (Chrono Boost)  
  13  0:42  Assimilator  
  14  0:46  Probe (Chrono Boost)  
  15  0:59  Probe (Chrono Boost)  
  16  1:05  Assimilator  
  16  1:10  Probe (Chrono Boost)  
  17  1:22  Cybernetics Core  
  17  1:26  Forge  
  17  1:29  Probe (Chrono Boost)  
  18  1:39  Probe (Chrono Boost)  
  19  1:40  Zealot  
  21  1:50  Probe (Chrono Boost)  
  22  2:07  Probe (Chrono Boost)  
  23  2:17  Stargate  
  23  2:20  Pylon  
  23  2:39  Nexus, Probe (Chrono Boost)  
  24  2:49  Probe (Chrono Boost)  
  25  3:00  Probe (Chrono Boost)  
  25  3:01  Oracle  
  26  3:12  Probe (Chrono Boost)  
  30  3:20  Pylon  
  30  3:24  Probe (Chrono Boost)  
  31  3:31  Pylon  
  31  3:35  Oracle  
  31  3:40  Probe (Chrono Boost)  
  33  3:52  Probe (Chrono Boost)  
  33  3:53  Stargate  
  34  3:57  Probe (Chrono Boost)  
  36  4:04  Probe (Chrono Boost)  
  36  4:07  Probe (Chrono Boost)  
  37  4:18  Probe (Chrono Boost)  
  37  4:20  Probe (Chrono Boost)  
  39  4:27  Assimilator  
  39  4:28  Probe (Chrono Boost)  
  39  4:31  Assimilator  
  41  4:32  Probe (Chrono Boost)  
  41  4:39  Probe (Chrono Boost)  
  41  4:44  Probe (Chrono Boost)  
  43  4:49  Probe (Chrono Boost)  
  44  5:00  Probe (Chrono Boost)  
  45  5:10  Probe (Chrono Boost)  
  46  5:33  Stargate  
  46  5:36  Robotics Facility, Stargate  
  46  5:38  Sentry  
  48  5:47  Pylon  
  48  5:50  Void Ray, Photon Cannon  
  48  5:51  Void Ray  
  48  5:54  Photon Cannon  
  48  5:55  Photon Cannon  
  56  5:57  Photon Cannon  
  57  6:19  Probe (Chrono Boost)  
  57  6:21  Void Ray  
  61  6:29  Void Ray  
  61  6:31  Probe (Chrono Boost)  
  66  6:37  Observer  
  66  6:43  Probe (Chrono Boost)  
  63  6:55  Probe (Chrono Boost)  
  63  7:07  Probe (Chrono Boost)  
  64  7:48  Void Ray  
  68  8:08  Probe (Chrono Boost)  
  68  8:12  Probe (Chrono Boost)  
  70  8:33  Pylon  
  70  8:40  Nexus  
  70  8:48  Pylon  
  70  8:51  Void Ray  
  70  8:53  Probe x2 (Chrono Boost)  
  76  9:00  Void Ray  
  76  9:05  Probe (Chrono Boost)  
  76  9:06  Void Ray  
  86  9:17  Probe (Chrono Boost)  
  86  9:20  Pylon  
  86  9:22  Protoss Air Weapons Level 1  
  86  9:24  Pylon  
  86  9:26  Pylon  
  86  9:28  Cybernetics Core  
  86  9:31  Pylon  
  86  9:32  Void Ray  
  93  9:40  Assimilator, Probe (Chrono Boost)  
  93  9:41  Void Ray  
  93  9:42  Mothership Core (Chrono Boost)  
  93  9:44  Assimilator  
  93  9:48  Void Ray  
  101  9:57  Void Ray  
  101  10:00  Observer  
  106  10:09  Void Ray  
  106  10:17  Probe (Chrono Boost)  
  106  10:19  Void Ray  
  106  10:20  Probe (Chrono Boost)  
  117  10:29  Probe (Chrono Boost)  
  117  10:30  Void Ray  
  117  10:32  Probe (Chrono Boost)  
  117  10:34  Void Ray  
  122  10:41  Probe (Chrono Boost)  
  127  10:45  Probe (Chrono Boost)  
  127  10:47  Void Ray  
  128  10:53  Probe (Chrono Boost)  
  128  10:54  Pylon  
  128  10:56  Pylon, Void Ray  
  133  11:02  Pylon, Probe (Chrono Boost)  
  131  11:05  Pylon, Probe (Chrono Boost)  
  131  11:09  Pylon  
  131  11:15  Probe (Chrono Boost)  
  132  11:30  Fleet Beacon  
  132  11:37  Void Ray x2  
  132  11:38  Void Ray  
  132  11:43  Void Ray  
  132  11:46  Observer  
  149  12:14  Void Ray  
  149  12:15  Void Ray x2  
  161  12:23  Protoss Air Weapons Level 2  
  161  12:26  Void Ray  
  165  12:30  Protoss Air Armor Level 1  
  151  14:14  Void Ray x2  
  151  14:15  Void Ray  
  151  14:20  Void Ray  
  167  14:46  Pylon  
  167  14:48  Pylon  
  167  14:50  Pylon  
  167  14:51  Pylon  
  167  14:52  Void Ray  
Show
View Real Time Build Order
Export as new Build Order

Gracz Protoss 

Build Orders:  

Get SALT Encoding   

  12  0:01  Probe (Chrono Boost)  
  13  0:15  Pylon  
  13  0:18  Probe (Chrono Boost)  
  15  0:28  Probe (Chrono Boost)  
  15  0:34  Pylon  
  15  0:39  Probe (Chrono Boost)  
  16  0:44  Assimilator  
  16  0:49  Probe (Chrono Boost)  
  17  1:00  Probe (Chrono Boost)  
  18  1:04  Gateway  
  18  1:08  Gateway  
  18  1:19  Gateway  
  18  1:26  Pylon  
  18  1:29  Probe (Chrono Boost)  
  20  1:40  Probe (Chrono Boost)  
  20  1:44  Assimilator  
  20  1:50  Probe (Chrono Boost)  
  21  2:02  Cybernetics Core  
  21  2:04  Gateway  
  21  2:23  Probe (Chrono Boost)  
  22  2:34  Probe (Chrono Boost)  
  23  2:42  Nexus  
  23  2:45  Probe (Chrono Boost), Warp Gate  
  24  2:57  Probe (Chrono Boost)  
  25  3:01  Adept  
  25  3:03  Adept  
  29  3:51  Pylon  
  29  3:57  Pylon  
  29  3:59  Probe (Chrono Boost)  
  29  4:00  Pylon  
  29  4:01  Probe (Chrono Boost)  
  31  4:06  Robotics Facility  
  31  4:07  Robotics Facility  
  32  4:10  Probe (Chrono Boost)  
  32  4:13  Probe (Chrono Boost)  
  33  4:20  Probe (Chrono Boost)  
  33  4:22  Assimilator  
  35  4:25  Probe (Chrono Boost)  
  35  4:27  Assimilator  
  35  4:41  Gateway  
  35  4:42  Gateway  
  24  5:09  Stalker x3  
  24  5:10  Stalker  
  30  5:31  Probe (Chrono Boost)  
  30  5:32  Probe (Chrono Boost)  
  32  5:48  Twilight Council  
  32  5:52  Gateway  
  32  5:59  Probe (Chrono Boost)  
  32  6:01  Probe (Chrono Boost)  
  34  6:10  Probe (Chrono Boost)  
  35  6:16  Mothership Core (Chrono Boost)  
  37  6:20  Probe (Chrono Boost)  
  37  6:22  Forge  
  38  6:31  Probe (Chrono Boost)  
  37  7:03  Stalker  
  37  7:04  Stalker x4  
  37  7:05  Stalker, Immortal  
  49  7:50  Probe (Chrono Boost)  
  50  7:51  Probe (Chrono Boost)  
  50  8:00  Probe (Chrono Boost)  
  50  8:03  Probe (Chrono Boost)  
  52  8:11  Probe (Chrono Boost)  
  53  8:15  Probe (Chrono Boost)  
  53  8:17  Nexus  
  53  8:19  Pylon  
  54  8:21  Probe (Chrono Boost)  
  54  8:23  Pylon  
  56  8:27  Pylon, Probe (Chrono Boost)  
  56  8:32  Probe (Chrono Boost)  
  57  8:34  Stalker  
  57  8:35  Stalker  
  61  8:42  Pylon  
  61  8:46  Pylon  
  61  8:50  Pylon  
  61  8:59  Immortal  
  65  9:06  Stalker  
  67  9:14  Probe (Chrono Boost)  
  67  9:15  Probe (Chrono Boost)  
  69  9:24  Probe (Chrono Boost)  
  69  9:27  Probe (Chrono Boost)  
  71  9:31  Blink  
  71  9:34  Stalker x3  
  77  9:39  Observer  
  78  9:51  Stalker x2  
  82  9:56  Sentry  
  84  10:00  Sentry x4  
  92  10:38  Stalker x2  
  92  10:39  Stalker x4  
  92  10:40  Stalker  
  106  10:45  Immortal  
  77  11:24  Stalker x2  
  81  11:25  Stalker  
  81  11:26  Stalker x2  
  81  11:27  Stalker  
  81  11:28  Stalker  
  91  11:35  Probe x2 (Chrono Boost)  
  91  11:37  Probe (Chrono Boost)  
  91  11:38  Assimilator  
  94  11:43  Assimilator  
  94  11:46  Probe (Chrono Boost)  
  95  11:49  Probe (Chrono Boost)  
  95  11:54  Robotics Bay  
  96  12:01  Stargate  
  96  12:02  Stargate  
  96  12:06  Probe x2 (Chrono Boost)  
  96  12:07  Probe (Chrono Boost)  
  99  12:16  Stalker x2  
  99  12:17  Stalker, Probe (Chrono Boost)  
  99  12:19  Probe (Chrono Boost)  
  107  12:26  Observer  
  108  12:30  Stalker  
  110  12:58  Fleet Beacon  
  110  13:01  Stalker x2  
  110  13:02  Stalker x2  
  118  13:09  Void Ray  
  118  13:16  Void Ray  
  101  14:22  Pylon  
  101  14:23  Pylon  
  101  14:26  Pylon  
  101  14:30  Pylon x2  
  101  14:31  Cybernetics Core  
Tags
 
Add a new tag
Caveats
  • Supply blocks, unpowered buildings, or Contaminate may cause inaccurate times.
  • Supply counts are checked every 10 seconds.